AoeStats
← BottleDry

Arena

506228196Analyzed
4v4 RM · 20d ago on Sep 12, 2026· 23m 51s· 8 players
Game mode
Random Map
Map size
Large (8 player)
Population
200
Speed
Normal
Resources
Standard
Victory
Conquest
Starting age
Dark Age
Ending age
Imperial Age
RankedLock teamsTeams togetherTeam positionsShared explorationLock speedFull tech treeHidden civsTurbo modeCheats
Victory
Defeat
🇩🇪 Spanish · Germany
956
+15
🇲🇾 Gurjaras · Malaysia
916
+17
🇺🇸 Sicilians · United States
899
+18
🇬🇧 Lithuanians · United Kingdom
896
+18
🇨🇭 Goths · Switzerland
975
-18
🇨🇱 Persians · Chile
952
-18
🇺🇸 Spanish · United States
938
-17
🇨🇱 Britons · Chile
884
-15
kdobbyd
11:51 Feudal Age
13:08 Horse Collar
13:20 Double-Bit Axe
16:03 Loom
21:14 Castle Age
19:30 Gold Mining
19:49 Stone Mining
22:51 Wheelbarrow
ianxpresso
7:15 Loom
(Kush)Martinez
3:05 Loom
11:45 Feudal Age
13:25 Double-Bit Axe
15:55 Castle Age
15:20 Bloodlines
24:10 Forging
mikesandwash
9:27 Feudal Age
15:12 Castle Age
14:40 Stone Mining
15:49 Loom
18:09 Forging
BottleDry
9:01 Loom
14:35 Feudal Age
18:20 Padded Archer Armor
18:12 Fletching
Salmanassar V
10:23 Feudal Age
13:11 Double-Bit Axe
15:59 Castle Age
13:44 Horse Collar
20:53 Wheelbarrow
21:27 Heavy Plow
Cr4toZ
2:52 Loom
10:50 Feudal Age
12:44 Double-Bit Axe
12:53 Horse Collar
15:19 Castle Age
17:48 Bow Saw
20:26 Heavy Plow
22:57 Wheelbarrow
23:38 Gold Mining
Chocapic
12:17 Feudal Age
14:12 Town Watch
Connection lost

Rejoining the realm…

Still unreachable

The connection could not be restored.

Session expired

The server has moved on; the page needs a fresh start.